 Dungeon Crawl Stone Soup version 0.30-a0-912-ge10d75a369 (webtiles) character file.

Game seed: 14806630120746007432

39 Jossarian the Stinger (level 3, -6/16 HPs)
             Began as a Spriggan Venom Mage on Mar 18, 2023.
             Mangled by a gnoll
             ... wielding a +0 flail
              (7 damage)
             ... on level 2 of the Dungeon.
             The game lasted 00:09:07 (1450 turns).

Jossarian the Stinger (Spriggan Venom Mage)         Turns: 1450, Time: 00:09:08

Health: -6/16      AC:  2    Str:  4    XL:     3   Next: 28%
Magic:  3/8        EV: 17    Int: 18    God:
Gold:   51         SH:  0    Dex: 15    Spells: 5/8 levels left

rFire   . . .      SeeInvis +    f - +0 dagger
rCold   . . .      Faith    .    (no shield)
rNeg    . . .      Spirit   .    a - +0 robe
rPois   .          Reflect  .    (helmet restricted)
rElec   .          Rampage  .    (no cloak)
rCorr   .                        (gloves unavailable)
Will    .....                    (boots unavailable)
Stlth   ++                       (no amulet)
HPRegen 0.22/turn                (no ring)
MPRegen 0.11/turn                (no ring)

@: very quick
A: very small, no large weapons, unfitting armour, see invisible, speed 3
a: no special abilities


You were on level 2 of the Dungeon.
You visited 1 branch of the dungeon, and saw 2 of its levels.

You collected 51 gold pieces.

Inventory:

Hand Weapons
 f - a +0 dagger (weapon)
Missiles
 g - 8 stones (quivered)
Armour
 a - a +0 robe (worn)
Scrolls
 d - a scroll of identify {unknown}
 e - a scroll of immolation {unknown}
 h - a scroll of silence {unknown}
Potions
 b - 2 potions of magic
 c - 2 potions of curing {unknown}


   Skills:
 + Level 2.8 Dodging
 + Level 3.3 Stealth
 + Level 3.3 Spellcasting
 + Level 2.6 Transmutations
 + Level 3.4 Poison Magic


You had 5 spell levels left.
You knew the following spells:

 Your Spells              Type           Power      Damage    Failure   Level
a - Sting                 Tmut/Pois      52%        1d5       4%          1
b - Poisonous Vapours     Pois/Air       18%        N/A       12%         2

Your spell library contained the following spells:

 Spells                   Type           Power      Damage    Failure   Level
 Mephitic Cloud           Conj/Pois/Air  7%         N/A       30%         3
 Olgreb's Toxic Radiance  Pois           15%        N/A       36%         4


Dungeon Overview and Level Annotations

Branches:
Dungeon (2/15)

Altars:


Innate Abilities, Weirdness & Mutations

You are very small and have problems with some larger weapons.
You are too small for most types of armour.
You have supernaturally acute eyesight. (SInv)
You cover ground extremely quickly. (Speed+++)


Message History

Casting: Sting (safe; 4% risk of failure)
Confirm with . or Enter, or press ? or * to list all spells.
Aiming: Sting (safe; 4% risk of failure)
Press: ? - help, Shift-Dir - straight line, f - gnoll, p - gnoll
Aim: a gnoll, wielding a +0 flail (moderately wounded, 75% to hit)
The sting hits the gnoll but does no damage.
The gnoll looks even sicker.
The gnoll is moderately wounded.
The gnoll closely misses you.
Throw: 9 stones
Press: ? - help, Q - select action, (/) - cycle Shift-Dir - straight line, f/p - gnoll
Aim: a gnoll, wielding a +0 flail (moderately wounded, 61% to hit)
You throw a stone. The stone barely misses the gnoll.
The stone hits the gnoll but does no damage.
The gnoll is moderately wounded.
Casting: Sting (safe; 4% risk of failure)
Confirm with . or Enter, or press ? or * to list all spells.
Aiming: Sting (safe; 4% risk of failure)
Press: ? - help, Shift-Dir - straight line, f/p - gnoll
Aim: a gnoll, wielding a +0 flail (moderately wounded, 75% to hit)
The sting hits the gnoll.
The gnoll is poisoned.
The gnoll is heavily wounded.
You hit the gnoll.
You kill the gnoll!
The gnoll barely misses you.
There is a stone staircase leading up here.
You see here a +0 club.
Casting: Sting (safe; 4% risk of failure)
Confirm with . or Enter, or press ? or * to list all spells.
Aiming: Sting (safe; 4% risk of failure)
Press: ? - help, Shift-Dir - straight line, f/p - gnoll
Aim: a gnoll, wielding a +0 flail (severely wounded, poisoned, 75% to hit)
The sting misses the gnoll.
The sting hits the gnoll.
The gnoll is poisoned.
The gnoll is lightly wounded.
The gnoll hits you from afar with a +0 halberd!
Ouch! That really hurt!
* * * LOW HITPOINT WARNING * * *
The gnoll misses you. The gnoll misses you. The gnoll hits you with a +0 flail!
You die...

#.# #.# #.# #.########
#.##.....# .
###########.##.....#.#
#...).....#.##........
#.#.######....#@....#
#.. ...##...gg.....#
#... #.......g...###
##.. ####.#.###### #..
#.#.# #.. #.#.# #..
..#'# ##... ..g..


You could see 3 gnolls.

Vanquished Creatures
  A gnoll (D:2)
  An adder (D:2)
  4 ball pythons
  A bat (D:1)
  2 endoplasms (D:1)
  A giant cockroach (D:1)
  2 goblins
  A hobgoblin (D:1)
  2 jackals (D:1)
  3 frilled lizards (D:1)
  A kobold (D:1)
  A rat (D:1)
20 creatures vanquished.

Notes
Turn   | Place    | Note
-------+----------+-------------------------------------------
     0 | D:1      | Jossarian the Spriggan Venom Mage began the quest for the
                  | Orb.
     0 | D:1      | Reached XP level 1. HP: 9/9 MP: 5/5
   309 | D:1      | Reached XP level 2. HP: 13/13 MP: 0/6
   465 | D:1      | Learned a level 2 spell: Poisonous Vapours
  1398 | D:2      | Reached XP level 3. HP: 16/16 MP: 4/8
  1450 | D:2      | Mangled by a gnoll

Illustrated notes

Levels and vault maps discovered:
D:1:      shiori_angband_town, layout_loops_ring, minmay_fountain_box
D:2:      layout_loops_corners, basic_altar, chequers_serial_rivers_micro_b,
          minivault_26

Skill      XL: |  1  2 |
---------------+-------+-----
Spellcasting   | 3 |  3.3
Transmutations | 2 |  2.6
Dodging        | |  2.8
Stealth        | |  3.3
Poison Magic   | |  3.4

Action                     || total
---------------------------++-------
  Melee: Dagger            ||     1
  Throw: Stone             ||     3
   Cast: Sting             ||    34
         Poisonous Vapours ||     2
  Dodge: Dodged            ||     5

Table legend: (Time is in decaauts)
 A = Elapsed time spent in this place.
 B = Non-inter-level travel time spent in this place.
 C = Inter-level travel time spent in this place.
 D = Time resting spent in this place.
 E = Time spent auto-exploring this place.
 F = Levels seen in this place.
 G = Mean time per level.
                   A        B        C        D        E       F      G
               +--------+--------+--------+--------+--------+-----+--------+
         Total |   1109 |    676 |    433 |    517 |      0 |   2 |  554.5 |
       Dungeon |   1109 |    676 |    433 |    517 |      0 |   2 |  554.5 |
               +--------+--------+--------+--------+--------+-----+--------+

Top non-repeatable levels by time:
     D:1: 1025 daAuts
     D:2: 84 daAuts
